 Dungeon Crawl Stone Soup version 0.23.2-1-ga50397a6bc (webtiles) character file.

Game seed: 9703059943044026752

212 418teapot the Chiller (level 5, 0/38 HPs)
             Began as a Merfolk Ice Elementalist on May 30, 2019.
             Was an Initiate of Yredelemnul.
             Killed from afar by Blork the orc (3 damage)
             ... with a magic dart
             ... on level 4 of the Dungeon.
             The game lasted 00:34:53 (5156 turns).

418teapot the Chiller (Merfolk Ice Elementalist)    Turns: 5156, Time: 00:34:54

Health: 0/38       AC:  3    Str: 10    XL:     5   Next: 89%
Magic:  9/9        EV: 14    Int: 14    God:    Yredelemnul [......]
Gold:   195        SH:  0    Dex: 14    Spells: 8/9 levels left

rFire    . . .     SeeInvis .   m - +0 spear
rCold    . . .     Gourm    .   (no shield)
rNeg     . . .     Faith    .   a - +0 robe
rPois    .         Spirit   .   (no helmet)
rElec    .         Reflect  .   (no cloak)
rCorr    .         Harm     .   (no gloves)
MR       .....                  u - +0 pair of boots
Stlth    ++........             (no amulet)
HPRegen  0.12/turn              (no ring)
MPRegen  0.11/turn              (no ring)

@: slowed, very slow
A: change form in water, swift swim, stealthy swim
a: Renounce Religion


You were on level 4 of the Dungeon.
You worshipped Yredelemnul.
Yredelemnul was noncommittal.
You were very hungry.

You visited 1 branch of the dungeon, and saw 4 of its levels.

You collected 195 gold pieces.

Inventory:

Hand Weapons
 m - a +0 spear (weapon)
Missiles
 p - 17 poisoned needles
 r - 3 javelins of returning (quivered)
Armour
 a - a +0 robe (worn)
 u - a +0 pair of boots (worn)
Jewellery
 s - a +3 ring of dexterity {unknown}
Wands
 l - a wand of disintegration (15)
 n - a wand of clouds (5)
 t - a wand of scattershot (5)
Scrolls
 f - 3 scrolls of fear {unknown}
 h - 3 scrolls of identify {unknown}
 j - 2 scrolls of magic mapping {unknown}
 k - 2 scrolls of enchant armour {unknown}
 o - 2 scrolls of immolation {unknown}
 q - 3 scrolls of teleportation {unknown}
Potions
 b - a potion of heal wounds {unknown}
 d - 2 potions of flight {unknown}
 e - a potion of mutation {unknown}
 g - 2 potions of curing {unknown}
 i - a potion of might {unknown}
 v - a potion of cancellation {unknown}
 w - a potion of agility {unknown}
Comestibles
 c - 2 rations


   Skills:
 + Level 1.9 Fighting
 * Level 2.6 Polearms
 + Level 1.0 Throwing
 - Level 0.2 Armour
 + Level 3.6 Dodging
 + Level 3.3 Stealth
 + Level 2.6 Spellcasting
   Level 0.7 Conjurations
 + Level 4.3 Ice Magic
 + Level 0.4 Invocations
 + Level 0.3 Evocations


You had 8 spell levels left.
You knew the following spells:

 Your Spells              Type           Power        Failure   Level  Hunger
a - Freeze                Ice            ##..         3%          1    #......

Your spell library contained the following spells:

 Spells                   Type           Power        Failure   Level  Hunger
 Throw Frost              Conj/Ice       #.....       12%         2    ###....
 Ozocubu's Armour         Chrm/Ice       #.......     28%         3    ###....
 Throw Icicle             Conj/Ice       #.......     61%         4    #####..
 Summon Ice Beast         Ice/Summ       #.......     67%         4    #####..


Dungeon Overview and Level Annotations

Branches:
Dungeon (4/15)
 Temple: D:4-7

Altars:
Cheibriados
Dithmenos
Fedhas
Gozag
Okawaru
Yredelemnul

Annotations:
D:4 Blork the orc, Natasha


Message History

A puff of frost appears from out of thin air!
The puff of frost hits you!
Natasha mumbles some strange words.
You see here a mace.
A puff of flame appears from out of thin air!
The puff of flame hits you!
There is a stone staircase leading down here.
You are feeling very hungry.
Natasha casts a spell.
Something barely misses you. x2
Something hits you!
* * * LOW HITPOINT WARNING * * *
Something hits you.
* * * LOW HITPOINT WARNING * * *
There is an open door, spattered with blood here.
You hear some strange, mumbled words.
A magic dart appears from out of thin air!
The magic dart hits you.
You die...
Your body rises from the dead as a mindless zombie.

###.# #......#
..#.#
##.....########
..#.#
#...###......#
..'.# ##.)#
#......# ..###
#5.# #......#
..#
#.5###......#
..#
#.>h........#
..#
####.........##
..#
#<@'....)....#
..#
####.[.......#
### #.........#
#.........#
#.........#
#.........#
#.........#
######'#'##
######.#.#


You could see Natasha.

Vanquished Creatures
  An iguana (D:4)
  A worker ant (D:4)
  8 adders
  An ooze (D:2)
  2 adder skeletons
  3 worms
  2 dart slugs
  2 leopard geckos
  3 orcs
  7 bats
  A giant cockroach (D:3)
  10 hobgoblins
  2 jackals (D:1)
  5 kobolds
  2 quokkas (D:3)
  4 frilled lizards
  6 goblins
  6 rats
66 creatures vanquished.

Notes
Turn   | Place    | Note
-------+----------+-------------------------------------------
     0 | D:1      | 418teapot the Merfolk Ice Elementalist began the quest for
                  | the Orb.
     0 | D:1      | Reached XP level 1. HP: 13/13 MP: 3/3
   464 | D:1      | Reached XP level 2. HP: 12/19 MP: 3/5
  1470 | D:2      | Reached XP level 3. HP: 25/25 MP: 4/6
  1876 | D:2      | Reached skill level 1 in Fighting
  1876 | D:2      | Reached skill level 4 in Ice Magic
  2030 | D:2      | Reached XP level 4. HP: 12/32 MP: 1/7
  2539 | D:2      | Reached skill level 1 in Polearms
  3263 | D:3      | Found a blossoming altar of Fedhas.
  3457 | D:3      | Found an opulent altar of Gozag.
  3544 | D:3      | Found an iron altar of Okawaru.
  3642 | D:3      | Found a basalt altar of Yredelemnul.
  3643 | D:3      | Found a snail-covered altar of Cheibriados.
  3645 | D:3      | Found a shadowy altar of Dithmenos.
  3669 | D:3      | Became a worshipper of Yredelemnul the Dark
  3952 | D:3      | Reached XP level 5. HP: 33/37 MP: 6/8
  4948 | D:4      | Reached skill level 1 in Throwing
  5107 | D:4      | Noticed Blork the orc
  5132 | D:4      | Noticed Natasha
  5156 | D:4      | Killed from afar by Blork the orc

Skill      XL: |  1  2  3  4  5 |
---------------+----------------+-----
Dodging        | 3 |  3.6
Fighting       | 1 |  1.9
Ice Magic      | 4 |  4.3
Polearms       | 1 2 |  2.6
Stealth        | 3 |  3.3
Throwing       | 1 |  1.0
Armour         | |  0.2
Spellcasting   | |  2.6
Conjurations   | |  0.7
Invocations    | |  0.4
Evocations     | |  0.3

Action                   |  1- 3 |  4- 6 || total
-------------------------+-------+-------++-------
Melee: Unarmed           |    33 |       ||    33
       Short sword       |     6 |       ||     6
       Spear             |    11 |    50 ||    61
Throw: Javelin           |       |    72 ||    72
 Cast: Freeze            |    51 |    32 ||    83
  Eat: Chunk             |     1 |     9 ||    10
       Ration            |     1 |       ||     1
Armor: Robe              |    16 |     2 ||    18
Dodge: Dodged            |    74 |    59 ||   133
